 Dungeon Crawl Stone Soup version 0.25-a0-860-gf695395b5c (webtiles) character file.

Game seed: 16317987106987746376, levelgen mode: deterministic

483 Fukker the Cutter (level 7, 0/45 HPs)
             Began as a Halfling Fighter on Apr 28, 2020.
             Was a Priest of Lugonu.
             Killed from afar by Edmund (10 damage)
             ... with a puff of flame
             ... on level 4 of the Dungeon.
             The game lasted 00:07:24 (4166 turns).

Fukker the Cutter (Halfling Fighter)                Turns: 4166, Time: 00:07:24

Health: 0/45       AC:  3    Str: 19    XL:     7   Next: 35%
Magic:  8/8        EV: 12    Int:  6    God:    Lugonu [***...]
Gold:   158        SH: 10    Dex: 14    Spells: 6/6 levels left

rFire    . . .     SeeInvis .   a - +0 rapier
rCold    . . .     Gourm    .   c - +0 kite shield
rNeg     . . .     Faith    .   p - +0 leather armour (curse)
rPois    .         Spirit   .   (no helmet)
rElec    .         Reflect  .   (no cloak)
rCorr    .         Harm     .   (no gloves)
MR       .....                  (no boots)
Stlth    +.........             k - amulet of the acrobat
HPRegen  0.15/turn              (no ring)
MPRegen  0.11/turn              (no ring)

@: mighty
A: small, mutation resistance 1
a: Depart the Abyss, Bend Space, Banish, Renounce Religion


You were on level 4 of the Dungeon.
You worshipped Lugonu.
Lugonu was most pleased with you.
You were not hungry.

You visited 1 branch of the dungeon, and saw 4 of its levels.

You collected 158 gold pieces.

Inventory:

Hand Weapons
 a - a +0 rapier (weapon)
Missiles
 g - 105 stones
 h - 48 arrows
 j - 29 bolts
 y - 4 boomerangs (quivered)
Armour
 b - a +0 scale mail
 c - a +0 kite shield (worn)
 p - a cursed +0 leather armour (worn)
Jewellery
 k - an amulet of the acrobat (around neck)
 n - an uncursed ring of teleportation
Scrolls
 e - a scroll of magic mapping
 i - a scroll of immolation {unknown}
 l - 2 scrolls of amnesia {unknown}
 o - a scroll of random uselessness {unknown}
 q - 2 scrolls of remove curse
 r - a scroll of noise {unknown}
 u - 2 scrolls of identify
 x - a scroll of fear {unknown}
Potions
 d - a potion of might
 m - 3 potions of curing {unknown}
 s - a potion of lignification {unknown}
 t - a potion of resistance {unknown}
 v - a potion of heal wounds {unknown}
 z - a potion of ambrosia {unknown}
Comestibles
 f - 7 rations
 w - 11 chunks of flesh


   Skills:
 - Level 2.6 Fighting
 + Level 6.9 Short Blades
 + Level 0.1 Throwing
 - Level 3.2 Armour
 - Level 1.6 Dodging
 - Level 0.1 Stealth
 + Level 5.4 Shields
 - Level 1.4 Invocations


You had 6 spell levels left.
You didn't know any spells.
Your spell library was empty.

Dungeon Overview and Level Annotations

Branches:
Dungeon (4/15)
 Temple: D:4-7

Altars:
Fedhas
Lugonu

Annotations:
D:4 Edmund


Innate Abilities, Weirdness & Mutations

You are small and have problems with some larger weapons.
You are somewhat resistant to further mutation.


Message History

Edmund zaps a wand.
The puff of flame hits you!
* * * LOW HITPOINT WARNING * * *
A jackal comes into view.
You barely miss Edmund.
Edmund is moderately wounded.
The jackal barks!
You block Edmund's attack.
A jackal comes into view.
The jackal barks!
You puncture Edmund!
Edmund is severely wounded.
You block Edmund's attack.
You closely miss Edmund.
Edmund is severely wounded.
Edmund zaps a wand.
The puff of flame hits you.
* * * LOW HITPOINT WARNING * * *
You hit Edmund.
Edmund is severely wounded.
Edmund zaps a wand.
The puff of flame hits you!
You die...

.........<...###.#
.............. .... ..
............# ... .>.
............# .......
............# .##....
............# (....
...........### ...#
.............# ###..##.#
.....###.....###@...h..#
...#.#####.......@...h.#
......####....#..##.###..
......<.........## .#
..........[........ #
...>..#######.#..#.#
.................# .
.........[..#....#
.....######......#


You could see Edmund and 2 jackals.

Vanquished Creatures
  A centaur (D:4)
  A bullfrog (D:3)
  A scorpion (D:2)
  An orc priest (D:3)
  Natasha (thrice) (D:3)
  9 adders
  An ooze (D:1)
  A worm (D:2)
  A dart slug (D:2)
  6 orcs
  13 bats
  3 giant cockroaches
  14 goblins
  8 hobgoblins
  11 jackals
  2 quokkas
  A ball python (D:2)
  8 frilled lizards
  9 kobolds
  9 rats
103 creatures vanquished.

Notes
Turn   | Place    | Note
-------+----------+-------------------------------------------
     0 | D:1      | Fukker the Halfling Fighter began the quest for the Orb.
     0 | D:1      | Reached XP level 1. HP: 15/15 MP: 1/1
    65 | D:1      | Reached XP level 2. HP: 13/20 MP: 2/2
    72 | D:1      | Reached skill level 3 in Short Blades
   341 | D:1      | Reached XP level 3. HP: 25/25 MP: 3/3
   940 | D:2      | Found a faded altar of an unknown god.
   947 | D:2      | Reached skill level 1 in Dodging
   947 | D:2      | Reached XP level 4. HP: 30/30 MP: 4/4
   967 | D:2      | Reached skill level 4 in Short Blades
   978 | D:2      | Became a worshipper of Lugonu the Unformed
   978 | D:2      | Reached * piety under Lugonu
   978 | D:2      | Reached ** piety under Lugonu
  1042 | D:2      | Found a blossoming altar of Fedhas.
  1101 | D:2      | Reached skill level 1 in Invocations
  1101 | D:2      | Reached XP level 5. HP: 28/35 MP: 5/5
  2565 | D:3      | Noticed Natasha
  2669 | D:3      | Killed Natasha
  2669 | D:3      | Reached skill level 5 in Short Blades
  2669 | D:3      | Reached XP level 6. HP: 37/41 MP: 7/7
  3016 | D:3      | Noticed Natasha
  3029 | D:3      | Killed Natasha
  3029 | D:3      | Reached skill level 6 in Short Blades
  3029 | D:3      | Reached skill level 5 in Shields
  3314 | D:3      | Noticed Natasha
  3330 | D:3      | Killed Natasha
  3565 | D:4      | Noticed Edmund
  3571 | D:3      | Reached XP level 7. HP: 23/45 MP: 8/8
  3741 | D:3      | Reached *** piety under Lugonu
  4166 | D:4      | Killed from afar by Edmund

Levels and vault maps discovered:
D:1:      saegor_arrival_simple_c, layout_basic
D:2:      layout_basic, chequers_ecumenical_altar_island,
          minmay_splitting_lines, fedhas_altar_2
D:3:      layout_loops_ring, first_ration, chequers_arboretum, uniq_natasha
D:4:      layout_rooms, evilmike_ruin_ashenzari, nicolae_overflow_crystal_walls,
          lemuel_doored_altar, minmay_misc_feat_five, uniq_edmund

Skill      XL: |  1  2  3  4  5  6 |
---------------+-------------------+-----
Short Blades   | 3 4 5 6 |  6.9
Shields        | 4 5 |  5.4
Dodging        | 1 |  1.6
Invocations    | 1 |  1.4
Fighting       | |  2.6
Throwing       | |  0.1
Armour         | |  3.2
Stealth        | |  0.1

Action                   |  1- 3 |  4- 6 |  7- 9 || total
-------------------------+-------+-------+-------++-------
Melee: Rapier            |   124 |   229 |    56 ||   409
Throw: Stone             |       |     2 |     3 ||     5
       Boomerang         |       |       |     1 ||     1
  Use: Scroll            |       |     3 |       ||     3
       Potion            |       |       |     1 ||     1
 Stab: Sleeping          |       |     1 |       ||     1
  Eat: Chunk             |       |     9 |     2 ||    11
Armor: Scale mail        |    55 |    31 |       ||    86
       Leather armour    |       |     8 |    12 ||    20
Dodge: Dodged            |    46 |   115 |    27 ||   188
Block: Kite shield       |    72 |    96 |    37 ||   205

Table legend:
 A = Non-vault XP
 B = Vault XP
 C = Vault XP percentage of total XP
 D = Non-vault monster count
 E = Vault monster count
 F = Vault count percentage of total count
                 A         B        C        D         E       F
            +---------+---------+-------+---------+---------+-------
      Total |     656 |      35 |   5.1 |     102 |       1 |   1.0
            +---------+---------+-------+---------+---------+-------
        D:1 |      56 |       0 |   0.0 |      32 |       0 |   0.0
        D:2 |     195 |       0 |   0.0 |      34 |       0 |   0.0
        D:3 |     273 |      35 |  11.4 |      31 |       1 |   3.1
        D:4 |     132 |       0 |   0.0 |       5 |       0 |   0.0
            +---------+---------+-------+---------+---------+-------
